 Dungeon Crawl Stone Soup version 0.31-a0-185-g9dded2c639 (webtiles) character file.

Game seed: 3991537534666588701

37 qw the Shooter (level 3, -7/20 HPs)
             Began as a Deep Elf Hunter on June 22, 2023.
             Mangled by Sigmund
             ... wielding a +0 scythe
              (9 damage)
             ... on level 2 of the Dungeon.
             The game lasted 00:00:21 (1031 turns).

qw the Shooter (Deep Elf Hunter)                    Turns: 1031, Time: 00:00:21

Health: -7/20      AC:  6    Str: 10    XL:     3   Next: 21%
Magic:  5/5        EV:  9    Int: 13    God:
Gold:   10         SH:  0    Dex: 18    Spells: 2/2 levels left

rFire   . . .        Y - +0 shortbow
rCold   + . .        (shield currently unavailable)
rNeg    . . .        g - +0 scale mail
rPois   +            (no helmet)
rElec   .            (no cloak)
rCorr   .            (no gloves)
SInv    .            (no boots)
Will    .....        (no amulet) Stlth
                     e - ring of poison resistance
HPRegen 0.23/turn    k - ring of protection from cold
MPRegen 0.09/turn

%: no passive effects
@: confused
A: no striking features
a: no special abilities


You were on level 2 of the Dungeon.
You visited 1 branch of the dungeon, and saw 2 of its levels.

You collected 84 gold pieces.
You spent 74 gold pieces at shops.


   Skills:
 - Level 1.5 Fighting
 + Level 6.8 Ranged Weapons
 - Level 2.4 Dodging
 - Level 1.2 Stealth


You had 2 spell levels left.
You didn't know any spells.
Your spell library was empty.

Inventory:

Hand Weapons
 Y - a +0 shortbow (weapon)
Armour
 g - a +0 scale mail (worn)
Jewellery
 e - a ring of poison resistance (left hand)
 f - a ring of willpower
 j - a ring of positive energy
 k - a ring of protection from cold (right hand)
Scrolls
 b - a scroll of blinking {unknown}
 c - a scroll of identify {unknown}
 h - a scroll of immolation {unknown}
Potions
 a - a potion of heal wounds {unknown}
 d - a potion of brilliance {unknown}

Dungeon Overview and Level Annotations

Branches:
Dungeon (2/15)

Altars:

Shops:
D:2 *

Annotations:
D:2 Sigmund


Message History

c - a scroll labelled XOKLY SUBLAI Thank you for shopping at Sateh's Assorted Antiques!
You can access your shopping list by pressing '$'.
969 ||| BUYING scroll labelled ZEWA MOKHOX (19 gold).
h - a scroll labelled ZEWA MOKHOX Thank you for shopping at Sateh's Assorted Antiques!
You can access your shopping list by pressing '$'.
There is an open translucent door here.
A rat comes into view.
You shoot an arrow. The arrow hits the rat!
You kill the rat!
A hobgoblin comes into view.
The hobgoblin shouts!
You shoot an arrow. The arrow closely misses the hobgoblin.
You shoot an arrow. The arrow hits the hobgoblin!
You kill the hobgoblin!
You see here a hobgoblin corpse.
Sigmund the Dreaded comes into view.
He is wielding a +0 scythe.
Found 7 gold pieces.
Sigmund shouts!
You shoot an arrow.
The arrow hits Sigmund but does no damage.
Sigmund completely misses you.
You shoot an arrow. The arrow hits Sigmund!
Sigmund is moderately wounded.
Sigmund hits you from afar with a +0 scythe.
You shoot an arrow. The arrow hits Sigmund.
Sigmund is heavily wounded.
A kobold comes into view. It is wielding a +0 dagger.
Sigmund hits you from afar with a +0 scythe!
You shoot an arrow. The arrow closely misses Sigmund.
The kobold shouts!
Sigmund hits you from afar with a +0 scythe!
You shoot an arrow. The arrow hits Sigmund.
Sigmund is heavily wounded.
Sigmund casts a spell at you.
You are confused.
Sigmund closely misses you.
Sigmund hits you from afar with a +0 scythe!
You die...

###.###.#
#.# #.# ..#
#.# #### #%#
#.# #.####
#....#
#.######.#
#...K@##.#
....#@#....#
. .. ######
..$ ... .. .


You could see Sigmund and a kobold.

Vanquished Creatures
  An adder (D:2)
  A dart slug (D:1)
  3 ball pythons (D:1)
  2 endoplasms
  A giant cockroach (D:2)
  3 goblins
  A hobgoblin (D:2)
  2 quokkas (D:1)
  5 bats (D:1)
  A frilled lizard (D:1)
  6 rats
26 creatures vanquished.

Notes
Turn   | Place    | Note
-------+----------+-------------------------------------------
     0 | D:1      | qw the Deep Elf Hunter began the quest for the Orb.
     0 | D:1      | Reached XP level 1. HP: 12/12 MP: 3/3
     0 | D:1      | 0 ||| qw: Version: 0.3-a-9-g12657ce
     0 | D:1      | 0 ||| qw: Game counter: 1719
     0 | D:1      | 0 ||| qw: Always use a shield: true
     0 | D:1      | 0 ||| qw: God list: Okawaru
     0 | D:1      | 0 ||| qw: Allow faded altars: false
     0 | D:1      | 0 ||| qw: Do Orc after D:15 true
     0 | D:1      | 0 ||| qw: Do second Lair branch before Depths: true
     0 | D:1      | 0 ||| qw: Lair rune preference: random
     0 | D:1      | 0 ||| qw: Plans: Normal
     0 | D:1      | 0 ||| PLANNING D:1-11
   176 | D:1      | Reached skill level 6 in Ranged Weapons
   176 | D:1      | Reached XP level 2. HP: 16/16 MP: 4/4
   183 | D:1      | Found a faded altar of an unknown god.
   803 | D:1      | 803 ||| UPGRADING to +0 scale mail.
   813 | D:1      | 813 ||| DROPPING +0 leather armour.
   814 | D:1      | 814 ||| UPGRADING to ring of poison resistance.
   815 | D:1      | 815 ||| UPGRADING to ring of positive energy.
   816 | D:1      | 816 ||| UPGRADING to ring of willpower.
   818 | D:1      | 818 ||| UPGRADING to ring of protection from cold.
   820 | D:1      | 820 ||| READING scroll labelled EGEKHLELEHU.
   823 | D:1      | 823 ||| READING scroll labelled AZULOCKAOW.
   824 | D:1      | 824 ||| DROPPING scroll of butterflies.
   860 | D:2      | Reached XP level 3. HP: 10/20 MP: 5/5
   961 | D:2      | Found Sateh's Assorted Antiques.
   969 | D:2      | 969 ||| BUYING brown potion (17 gold).
   969 | D:2      | Bought a brown potion for 17 gold pieces
   969 | D:2      | 969 ||| SHOPLISTING glittering granite ring (95 gold, have
                  | 67).
   969 | D:2      | 969 ||| SHOPLISTING ice dragon scales (1140 gold, have 67).
   969 | D:2      | 969 ||| BUYING scroll labelled KIRAPU LOITS (19 gold).
   969 | D:2      | Bought a scroll labelled KIRAPU LOITS for 19 gold pieces
   969 | D:2      | 969 ||| BUYING scroll labelled XOKLY SUBLAI (19 gold).
   969 | D:2      | Bought a scroll labelled XOKLY SUBLAI for 19 gold pieces
   969 | D:2      | 969 ||| BUYING scroll labelled ZEWA MOKHOX (19 gold).
   969 | D:2      | Bought a scroll labelled ZEWA MOKHOX for 19 gold pieces
  1023 | D:2      | Noticed Sigmund
  1027 | D:2      | HP: 1/20 [Sigmund/+0 scythe (9)]
  1031 | D:2      | Mangled by Sigmund

Levels and vault maps discovered:
D:1:      dpeg_arrival_subterranean_lakeside_camping, layout_basic,
          ebering_ecumenical_altar_webs
D:2:      layout_basic, serial_shops, nicolae_shop_tiny_glass,
          minmay_misc_feat_columns, uniq_terence, uniq_sigmund

Skill      XL: |  1 |
---------------+----+-----
Ranged Weapons | 6 |  6.8
Fighting       | |  1.5
Dodging        | |  2.4
Stealth        | |  1.2

Action                     || total
---------------------------++-------
   Fire: Shortbow          ||    72
    Use: Scroll            ||     2
 Armour: Leather armour    ||     6
         Scale mail        ||    12
  Dodge: Dodged            ||    16

Table legend:
 A = Non-vault XP
 B = Vault XP
 C = Vault XP percentage of total XP
 D = Non-vault monster count
 E = Vault monster count
 F = Vault count percentage of total count
                 A         B        C        D         E       F
            +---------+---------+-------+---------+---------+-------
      Total |      44 |       9 |  17.0 |      20 |       6 |  23.1
            +---------+---------+-------+---------+---------+-------
        D:1 |      22 |       9 |  29.0 |      14 |       6 |  30.0
        D:2 |      22 |       0 |   0.0 |       6 |       0 |   0.0
            +---------+---------+-------+---------+---------+-------
